 Dungeon Crawl Stone Soup version 0.25-a0-558-g78a2afb0af (webtiles) character file.

Game seed: 13241782694056364094, levelgen mode: classic

28317 EnegeticOcto the Cleaver (level 13, 47/124 HPs)
             Began as a Deep Dwarf Fighter on Feb 24, 2020.
             Was a High Priest of Makhleb.
             Quit the game on level 2 of the Lair of Beasts.
             The game lasted 00:08:48 (8272 turns).

EnegeticOcto the Cleaver (Deep Dwarf Fighter)       Turns: 8272, Time: 00:08:49

Health: 47/124     AC: 16    Str: 25    XL:     13   Next: 9%
Magic:  0/0        EV: 13    Int: 11    God:    Makhleb [*****.]
Gold:   694        SH: 14    Dex: 13    Spells: 12/12 levels left

rFire    . . .     SeeInvis +   a - +0 broad axe
rCold    . . .     Gourm    .   x - +2 kite shield {AC+3}
rNeg     . . .     Faith    .   b - +1 chain mail {rPois}
rPois    +         Spirit   .   (no helmet)
rElec    .         Reflect  .   w - scarf {cloud immunity}
rCorr    .         Harm     .   (no gloves)
MR       +....                  (no boots)
Stlth    ..........             (no amulet)
HPRegen  0.00/turn              c - +3 ring of slaying
MPRegen  0.07/turn              p - ring of the Octopus King {AC+1 EV+1 Str+1 Int+1 Dex+1 SInv}

@: non-regenerating
A: damage resistance, heal wounds, talons 1, sense surroundings 2, wild magic 1,
no regeneration
a: Heal Wounds, Minor Destruction, Lesser Servant of Makhleb, Major Destruction,
Greater Servant of Makhleb, Renounce Religion


You were on level 2 of the Lair of Beasts.
You worshipped Makhleb.
Makhleb was extremely pleased with you.
You were not hungry.

You visited 3 branches of the dungeon, and saw 15 of its levels.
You also visited: Ossuary.

You collected 926 gold pieces.
You spent 232 gold pieces at shops.

Inventory:

Hand Weapons
 a - a +0 broad axe (weapon)
Armour
 b - a +1 chain mail of poison resistance (worn)
 f - a +0 chain mail of fire resistance
 w - a scarf of cloud immunity (worn)
 x - a +2 kite shield of protection (worn)
Jewellery
 c - a +3 ring of slaying (left hand)
 p - a ring of the Octopus King (right hand) {AC+1 EV+1 Str+1 Int+1 Dex+1 SInv}
   (You found it in an ossuary)

   [ring of see invisible]

   It affects your AC (+1).
   It affects your evasion (+1).
   It affects your strength (+1).
   It affects your intelligence (+1).
   It affects your dexterity (+1).
   It lets you see invisible.
 q - a +4 ring of evasion
Wands
 A - a wand of polymorph (6)
Scrolls
 g - 2 scrolls of blinking {@r3}
 h - 3 scrolls of fear
 m - 6 scrolls of remove curse {@r6}
 v - 6 scrolls of teleportation {@r2}
 y - a scroll of identify {@r1}
Potions
 i - 2 potions of curing {@q1}
 j - a potion of stabbing {@q5}
 k - 4 potions of might {@q3}
 l - a potion of resistance {@q6}
 n - 2 potions of haste {@q4}
 o - 3 potions of lignification {@q7}
 r - 3 potions of cancellation
 s - 3 potions of heal wounds {@q2}
 t - a potion of degeneration {unknown}
 u - 3 potions of flight {unknown}
 z - a potion of invisibility
 B - 2 potions of ambrosia {unknown}
 D - a potion of mutation
Comestibles
 d - 10 chunks of flesh
 e - 22 rations


   Skills:
 * Level 10.5 Fighting
 * Level 12.1 Axes
 + Level 9.3 Armour
 + Level 8.5 Dodging
 + Level 9.2 Shields
 * Level 11.5 Invocations


You had 12 spell levels left.
You didn't know any spells.
Your spell library was empty.

Dungeon Overview and Level Annotations

Branches:
Dungeon (12/15)            Temple (1/1) D:6            Lair (2/6) D:11
    Orc (0/2) D:10        Ossuary (visited)
  Swamp: Lair:2-4    Shoals: Lair:2-4     Snake: Lair:2-4    Spider: Lair:2-4

Altars:
Ashenzari
Cheibriados
Dithmenos
Elyvilon
Fedhas
Gozag
Hepliaklqana
Kikubaaqudgha
Makhleb
Nemelex Xobeh
Okawaru
Qazlal
Ru
Sif Muna
Trog
Uskayaw
Vehumet
Wu Jian
Xom
Yredelemnul
Zin
The Shining One

Shops:
D:4 =%[=?   D:9 *   D:11 =   D:12 :

Portals:
Trove: D:11 (give +3 shadow dragon scales)

Annotations:
D:5 exclusions: oklob plant and statue
D:9 2 transporters
D:10 1 runed translucent door
D:12 2 runed translucent doors, EnegeticOcto's ghost, journeyman DDFi
Lair:1 exclusion: oklob plant


Innate Abilities, Weirdness & Mutations

You are resistant to damage.
You can heal yourself by infusing magical energy.
You passively map the area around you.
You do not regenerate.
You have sharp toenails.
Your spells are a little harder to cast, but a little more powerful.


Message History

There are monsters nearby!
You hit the death yak.
The death yak is moderately wounded.
You slash the death yak! The death yak closely misses you.
You block the death yak's attack.
You hit the death yak but do no damage.
The death yak is moderately wounded.
You hit the death yak but do no damage. The death yak barely misses you.
The death yak misses you.
Your shield and chain mail prevent you from hitting the death yak.
You claw the death yak.
The death yak is moderately wounded.
You barely miss the death yak. You block the death yak's attack.
You slice the death yak!!
The death yak is heavily wounded.
You hit the death yak but do no damage. You hit the death yak.
The death yak closely misses you. The death yak gores you!
The death yak gores you but does no damage.
You hit the death yak but do no damage.
The death yak is heavily wounded.
You hit the death yak but do no damage. You hit the death yak.
You block the death yak's attack.
The death yak gores you but does no damage.
The death yak closely misses you.
You hit the death yak but do no damage. You claw the death yak!
The death yak is severely wounded.
You hit the death yak. You slash the death yak!
You block the death yak's attack. The death yak gores you!
The death yak gores the fungus!
The death yak gores you!!
You hit the death yak but do no damage. Your kick misses the death yak.
The death yak is severely wounded.
You hit the death yak. You slash the death yak!
You block the death yak's attack. The death yak gores you!
You hit the death yak.
The death yak is severely wounded.
You hit the death yak. x2; You completely miss the death yak.
The death yak gores you but does no damage.
The death yak gores you!! You block the death yak's attack.
The death yak closely misses you.
You slice the death yak!!
You kill the death yak!
Makhleb accepts your kill.
You feel better.
You hit the death yak. You slash the death yak!
You completely miss the death yak. The death yak closely misses you.
The death yak gores you! You block the death yak's attack.
You barely miss the death yak.
You claw the death yak, but do no damage.
The death yak is moderately wounded.
You hit the death yak but do no damage. You slash the death yak!
The death yak barely misses you. The death yak gores you!!
The death yak gores you but does no damage.
You slice the death yak!! Your kick misses the death yak.
The death yak is heavily wounded.
You hit the death yak but do no damage. You hit the death yak.
You block the death yak's attack. The death yak gores you! x2
* * * LOW HITPOINT WARNING * * *
You are too injured to fight recklessly!
You are too injured to fight recklessly!
You are too injured to fight recklessly!
You are too injured to fight recklessly!
You are too injured to fight recklessly!
You are too injured to fight recklessly!
You are too injured to fight recklessly!
You are too injured to fight recklessly!
You are too injured to fight recklessly!
You are too injured to fight recklessly!
You are too injured to fight recklessly!
You are too injured to fight recklessly!
You feel much better. You block the death yak's attack.
The death yak gores you!
The death yak gores you but does no damage.
Your magical essence is drained by the effort!
You feel much better. You block the death yak's attack. x2
The death yak gores you!
You barely miss the death yak. You claw the death yak.
The death yak is heavily wounded.
You barely miss the death yak. You slash the death yak!
The death yak completely misses you.
The death yak gores you but does no damage.
The death yak gores you!
You barely miss the death yak.
The death yak is heavily wounded.
You slash the death yak! You hit the death yak but do no damage.
The death yak gores you! The death yak gores you.
You block the death yak's attack.
You are too injured to fight recklessly!
You are too injured to fight recklessly!
You are too injured to fight recklessly!
You are too injured to fight recklessly!
You are too injured to fight recklessly!
You are too injured to fight recklessly!
You are too injured to fight recklessly!
You are too injured to fight recklessly!
You are too injured to fight recklessly!
You are too injured to fight recklessly!
You are too injured to fight recklessly!
You are too injured to fight recklessly!
You are too injured to fight recklessly!
You are too injured to fight recklessly!
Are you sure you want to abandon this character and quit the game? (Confirm with "yes".)

## ##### ########.##
###P#.# #P#........
......## *..........
#......# P......
#.#....#########YYP# *
.#....#.#..##.=Y@.# *
..................# ,
###...##..P.PP..#.###. ,*
##....#...........#.# ,
#P....#............# , *
##...##...........#.#
##....#^...........#..., ,
#..................(#.....#
#..................##.....#


You could see 3 death yaks.

Vanquished Creatures
  Kirke (D:11)
  2 hydras (D:11)
  Erica (D:11)
  5 two-headed ogres
  A death yak (Lair:2)
  Urug (D:10)
  Sonja (D:10)
  An orc knight (D:11)
  3 ugly things
  An oklob plant (D:11)
  A cyclops (D:11)
  A manticore (D:10)
  A deep elf mage (D:11)
  Maurice (D:11)
  A guardian serpent (shapeshifter) (D:11)
  A komodo dragon (Lair:2)
  A spiny frog (Lair:1)
  A rime drake (Lair:1)
  2 freezing wraiths (D:11)
  2 trolls (D:11)
  A hornet (D:10)
  5 blink frogs (Lair:1)
  A hippogriff (Lair:1)
  Sigmund (D:7)
  A spriggan (D:7)
  A wraith (D:11)
  A wyvern (D:11)
  23 yaks
  A steam dragon (D:11)
  4 hungry ghosts
  Edmund (D:7)
  A soldier ant (D:11)
  A two-headed ogre zombie (D:10)
  An acid dragon (D:11)
  3 water moccasins
  2 sky beasts
  3 porcupines
  3 ice beasts
  5 orc warriors
  An ice beast (shapeshifter) (D:11)
  A necrophage (D:6)
  4 black bears
  4 phantoms
  5 ogres
  An eye of draining (D:10)
  5 centaurs
  2 big kobolds
  7 bullfrogs
  A wyvern zombie (D:7)
  11 scorpions
  2 troll zombies (D:10)
  8 killer bees
  8 wights
  6 crimson imps
  2 centaur zombies
  3 jellies
  A quasit (D:11)
  4 bullfrog zombies
  8 hounds
  2 human zombies (Ossuary)
  9 orc priests
  5 bullfrog skeletons
  3 centaur skeletons
  6 iguanas
  Terence (D:3)
  14 orc wizards
  7 worker ants
  3 big kobold zombies (Ossuary)
  5 ogre zombies (D:10)
  3 mummies (Ossuary)
  A worker ant zombie (D:6)
  11 adders
  4 gnolls (D:6)
  2 howler monkey skeletons
  6 scorpion zombies (Ossuary)
  3 shadow imps
  An ooze (D:3)
  An adder skeleton (D:6)
  2 adder zombies
  3 worms
  2 dart slugs
  4 leopard geckos
  70 orcs
  8 giant cockroaches
  4 goblins
  5 jackals
  4 quokkas
  A ball python (D:7)
  A bat (D:1)
  3 frilled lizards
  2 gnoll zombies (Ossuary)
  4 goblin zombies (D:10)
  5 hobgoblin zombies (D:10)
  A jackal skeleton (D:3)
  9 kobolds
  4 kobold zombies (Ossuary)
  2 orc skeletons (D:10)
  15 orc zombies
  A quokka zombie (D:8)
  7 rats
  A plant (D:11)
417 creatures vanquished.

Vanquished Creatures (others)
  A hippogriff (D:10)
1 creature vanquished.

Grand Total: 418 creatures vanquished

Notes
Turn   | Place    | Note
-------+----------+-------------------------------------------
     0 | D:1      | EnegeticOcto the Deep Dwarf Fighter began the quest for the
                  | Orb.
     0 | D:1      | Reached XP level 1. HP: 20/20 MP: 1/1
    61 | D:2      | Reached XP level 2. HP: 25/27 MP: 2/2
   106 | D:3      | Reached XP level 3. HP: 29/34 MP: 3/3
   121 | D:3      | Reached skill level 3 in Axes
   121 | D:3      | Reached skill level 1 in Dodging
   192 | D:3      | Noticed Terence
   222 | D:3      | Killed Terence
   222 | D:3      | Reached XP level 4. HP: 19/42 MP: 3/3
   241 | D:3      | Reached XP level 5. HP: 31/50 MP: 4/4
   326 | D:3      | Noticed a centaur
   338 | D:3      | Killed a centaur
   338 | D:3      | Reached skill level 4 in Axes
   359 | D:4      | Found Inegoogia's Food Emporium.
   369 | D:4      | Found Huroh's Jewellery Emporium.
   383 | D:4      | Reached XP level 6. HP: 41/57 MP: 4/4
   441 | D:4      | Found Duysm's Jewellery Shop.
   469 | D:4      | Found a stormy altar of Qazlal.
   553 | D:4      | Found Duluc's Magic Scroll Shop.
   666 | D:4      | Found Ikemna's Antique Armour Shoppe.
   846 | D:5      | Entered Level 5 of the Dungeon
   852 | D:5      | Gained mutation: You expend magic power (3 MP) to
                  | strengthen your wands. [potion of mutation]
   852 | D:5      | Gained mutation: You are covered in fur. (AC +1) [potion of
                  | mutation]
   854 | D:5      | Lost mutation: You are covered in fur. (AC +1) [potion of
                  | mutation]
   854 | D:5      | Lost mutation: You expend magic power (3 MP) to strengthen
                  | your wands. [potion of mutation]
   854 | D:5      | Gained mutation: You have sharp toenails. [potion of
                  | mutation]
   854 | D:5      | Gained mutation: Your spells are a little harder to cast,
                  | but a little more powerful. [potion of mutation]
   911 | D:5      | Found a sand-covered staircase.
   915 | Ossuary  | Entered an ossuary
   931 | Ossuary  | Reached XP level 7. HP: 44/66 MP: 5/5
   940 | Ossuary  | Found the ring of the Octopus King
   974 | Ossuary  | Reached skill level 5 in Axes
  1080 | Ossuary  | Reached skill level 5 in Fighting
  1161 | Ossuary  | Reached XP level 8. HP: 33/74 MP: 6/6
  1165 | Ossuary  | Reached skill level 5 in Armour
  1182 | Ossuary  | Got a ring of the Octopus King
  1250 | D:5      | Identified a ring of the Octopus King {AC+1 EV+1 Str+1
                  | Int+1 Dex+1 SInv} (You found it in an ossuary)
  1309 | D:5      | Reached skill level 6 in Axes
  1309 | D:5      | Reached skill level 5 in Shields
  1452 | D:5      | Found a shimmering altar of Xom.
  1459 | D:5      | Found a radiant altar of Vehumet.
  1953 | D:5      | Found a blossoming altar of Fedhas.
  1977 | D:5      | Noticed an oklob plant
  2332 | D:6      | Reached skill level 7 in Axes
  2374 | D:6      | Gained mutation: You passively map the area around you.
                  | [Deep Dwarf growth]
  2374 | D:6      | Reached XP level 9. HP: 52/84 MP: 3/3
  2576 | D:6      | Found a staircase to the Ecumenical Temple.
  2679 | Temple   | Entered the Ecumenical Temple
  2704 | Temple   | Became a worshipper of Makhleb the Destroyer
  3124 | D:7      | Reached skill level 1 in Invocations
  3329 | D:7      | Reached * piety under Makhleb
  3329 | D:7      | Reached skill level 5 in Dodging
  3405 | D:7      | Reached skill level 8 in Axes
  3424 | D:7      | Found a snail-covered altar of Cheibriados.
  3607 | D:7      | Noticed Sigmund
  3610 | D:7      | Noticed Edmund
  3631 | D:7      | Killed Edmund
  3635 | D:7      | Killed Sigmund
  3635 | D:7      | Reached ** piety under Makhleb
  3956 | D:7      | Found an ornate altar of the Wu Jian Council.
  4033 | D:8      | Noticed a two-headed ogre
  4085 | D:8      | Reached XP level 10. HP: 94/94 MP: 7/7
  4092 | D:8      | Killed a two-headed ogre
  4092 | D:8      | Reached skill level 5 in Invocations
  4124 | D:8      | Found a shattered altar of Ashenzari.
  4487 | D:9      | Found a shadowy altar of Dithmenos.
  4491 | D:9      | Reached skill level 9 in Axes
  4542 | D:9      | Found a sparkling altar of Nemelex Xobeh.
  4595 | D:9      | Found a hazy altar of Hepliaklqana.
  4595 | D:9      | Found a shimmering blue altar of Sif Muna.
  4596 | D:9      | Found a bloodstained altar of Trog.
  4618 | D:9      | Found a basalt altar of Yredelemnul.
  4635 | D:9      | Found a transporter.
  4729 | D:9      | Found Zoiq's Assorted Antiques.
  4750 | D:9      | Bought a glowing kite shield for 232 gold pieces
  5067 | D:9      | Found a transporter.
  5199 | D:10     | Entered Level 10 of the Dungeon
  5205 | D:10     | Noticed a two-headed ogre
  5214 | D:10     | Reached *** piety under Makhleb
  5220 | D:10     | Killed a two-headed ogre
  5265 | D:10     | Reached XP level 11. HP: 95/104 MP: 10/10
  5410 | D:10     | Noticed Urug
  5410 | D:10     | Noticed Sonja
  5430 | D:10     | Killed Urug
  5547 | D:10     | Found a staircase to the Orcish Mines.
  5559 | D:10     | Reached **** piety under Makhleb
  5566 | D:10     | Killed Sonja
  5566 | D:10     | Reached skill level 10 in Axes
  5798 | D:10     | Found a white marble altar of Elyvilon.
  5798 | D:10     | Found a runed translucent door.
  5798 | D:10     | Noticed an angel
  5985 | D:11     | Found an iron altar of Okawaru.
  5986 | D:11     | Noticed a white ugly thing
  5986 | D:11     | Found a stormy altar of Qazlal.
  5994 | D:11     | Found a snail-covered altar of Cheibriados.
  5994 | D:11     | Found a sacrificial altar of Ru.
  6019 | D:11     | Killed a white ugly thing
  6031 | D:11     | Noticed a two-headed ogre
  6055 | D:11     | Killed a two-headed ogre
  6128 | D:11     | Noticed Erica
  6134 | D:11     | Killed Erica
  6137 | D:11     | Reached ***** piety under Makhleb
  6187 | D:11     | Found Tigir's Jewellery Shop.
  6264 | D:11     | Noticed an eight-headed hydra
  6267 | D:11     | Noticed an orc knight
  6273 | D:11     | Killed a ten-headed hydra
  6292 | D:11     | Reached XP level 12. HP: 83/115 MP: 7/7
  6297 | D:11     | Noticed Maurice
  6299 | D:11     | Reached skill level 11 in Axes
  6307 | D:11     | Killed Maurice
  6323 | D:11     | Noticed a two-headed ogre
  6345 | D:11     | Reached skill level 10 in Invocations
  6350 | D:11     | Killed a two-headed ogre
  6508 | D:11     | Identified the +6 battleaxe "Vogocras" {vorpal, Str+3} (You
                  | found it on level 11 of the Dungeon)
  6545 | D:11     | Noticed a six-headed hydra
  6556 | D:11     | Killed an eight-headed hydra
  6626 | D:11     | Found a portal to a secret trove of treasure.
  6724 | D:11     | Identified the Grimoire of Calling
  6835 | D:11     | Found a staircase to the Lair.
  6881 | D:11     | Reached skill level 10 in Fighting
  7170 | D:12     | Found a runed translucent door.
  7171 | D:12     | Noticed a crystal guardian
  7172 | D:12     | Noticed a lich
  7173 | D:12     | Noticed EnegeticOcto's ghost (journeyman DDFi)
  7175 | D:12     | Found a runed translucent door.
  7230 | D:12     | Found Paliseex's Book Shoppe.
  7267 | D:12     | Noticed a two-headed ogre
  7280 | D:12     | Killed a two-headed ogre
  7355 | D:12     | Noticed Kirke
  7519 | D:11     | Killed Kirke
  7544 | Lair:1   | Entered Level 1 of the Lair of Beasts
  7746 | Lair:1   | Reached skill level 12 in Axes
  7824 | Lair:1   | Reached XP level 13. HP: 111/124 MP: 1/1
  8272 | Lair:2   | Quit the game

Levels and vault maps discovered:
D:1:      nzn_arrival_crosshair, layout_loops_ring, roderic_malta_cross,
          minmay_liquid_box
D:2:      wad_river_or_something, layout_basic, chequers_ecumenical_altar_simple
D:3:      layout_rooms, serial_rivers, chequers_serial_rivers_micro_a,
          chequers_serial_rivers_small_a, chequers_serial_rivers_small_b,
          chequers_serial_rivers_micro_e, chequers_serial_rivers_room_a,
          chequers_serial_rivers_micro_c, first_ration, uniq_terence
D:4:      layout_rooms, grunt_qazlal_sundering, serial_shops,
          nicolae_shop_temple_entry_statues_fountains, nicolae_shop_trees,
          shop_fountains, shop, shop
D:5:      layout_loops_corners, tgw_fedhas, vehumet_statue,
          kennysheep_mini_moat, enter_ossuary_5
D:6:      layout_loops_ring, minmay_temple_entry_butterflies
D:7:      layout_loops_cross, kennysheep_mini, lemuel_crystal_altar,
          minmay_stone_trees_small, the_bakery, sigmund_edmund_badplayer
D:8:      layout_gridville, evilmike_ruin_ashenzari
D:9:      gammafunk_cloud_chamber, layout_basic,
          nicolae_dithmenos_shadow_blocks, old_standard_altar,
          lemuel_crystal_altar, chequers_temple_overflow_statue_of_worship,
          serial_shops, nicolae_shop_overgrown_old_shop
D:10:     layout_cave_pools, zombieorc2_lemuel, lemuel_angel_altar, uniq_sonja,
          uniq_urug
D:11:     minmay_the_grid_octo_tiled_octocenter_mashed
          [minmay_the_grid_octo_shrine, minmay_the_grid_octo_fat_diamond,
          minmay_the_grid_octo_teeth, minmay_the_grid_octo_chip,
          minmay_the_grid_octo_prize_single_spiral,
          minmay_the_grid_square_5x5_minimal, minmay_the_grid_square_5x5_meh,
          minmay_the_grid_square_5x5_misaligned,
          minmay_the_grid_square_5x5_shuriken], layout_loops_ring,
          dpeg_oklobed_lair, enter_trove_6, serial_shops, shop,
          minmay_tree_intersection, uniq_erica, uniq_maurice
D:12:     layout_small_grid, muffindrake_ghost_dual_entry, serial_shops, shop,
          uniq_kirke
Temple:   chequers_temple_sunken
Lair:1:   layout_chaotic_city, lemuel_oklob_altar
Lair:2:   layout_gridlike

Skill      XL: |  1  2  3  4  5  6  7  8  9 10 11 12 |
---------------+-------------------------------------+-----
Fighting       | 3 4 5 6 7 8 9 10 | 10.5
Axes           | 3 4 5 7 8 9 10 12 | 12.1
Dodging        | 1 2 3 4 5 6 7 8 |  8.5
Armour         | 4 5 6 7 8 9 |  9.3
Shields        | 4 5 6 7 8 9 |  9.2
Invocations    | 4 7 9 11 | 11.5

Action                   |  1- 3 |  4- 6 |  7- 9 | 10-12 | 13-15 || total
-------------------------+-------+-------+-------+-------+-------++-------
Melee: War axe           |    78 |   157 |   479 |    67 |       ||   781
       Kick              |       |    10 |   151 |   250 |    19 ||   430
       Broad axe         |       |       |       |   593 |    52 ||   645
       Unarmed           |       |       |       |     4 |       ||     4
 Abil: Heal Wounds       |     1 |     4 |    15 |    44 |     2 ||    66
Evoke: Wand              |       |       |       |     9 |       ||     9
  Use: Scroll            |       |     5 |     9 |     7 |       ||    21
       Potion            |       |     2 |       |     1 |       ||     3
 Stab: Confused          |       |       |       |     1 |       ||     1
  Eat: Ration            |       |       |     4 |     2 |       ||     6
       Chunk             |       |       |     9 |     9 |     2 ||    20
Armor: Scale mail        |    35 |    31 |       |       |       ||    66
       Chain mail        |       |    69 |   138 |   291 |    20 ||   518
Dodge: Dodged            |    19 |    53 |   203 |   412 |    28 ||   715
Block: Kite shield       |    42 |   111 |   232 |   558 |    38 ||   981

Table legend:
 A = Non-vault XP
 B = Vault XP
 C = Vault XP percentage of total XP
 D = Non-vault monster count
 E = Vault monster count
 F = Vault count percentage of total count
                 A         B        C        D         E       F
            +---------+---------+-------+---------+---------+-------
      Total |   23319 |   17135 |  42.4 |     312 |     104 |  25.0
            +---------+---------+-------+---------+---------+-------
        D:1 |       3 |       0 |   0.0 |       2 |       0 |   0.0
        D:2 |      17 |       0 |   0.0 |       4 |       0 |   0.0
        D:3 |     321 |      36 |  10.1 |      33 |       1 |   2.9
        D:4 |     212 |       0 |   0.0 |      16 |       0 |   0.0
        D:5 |     631 |       0 |   0.0 |      25 |       0 |   0.0
        D:6 |    1233 |       0 |   0.0 |      46 |       0 |   0.0
        D:7 |    1209 |     628 |  34.2 |      29 |       3 |   9.4
        D:8 |    2023 |       0 |   0.0 |      27 |       0 |   0.0
        D:9 |    1357 |       0 |   0.0 |      19 |       0 |   0.0
       D:10 |    4541 |    2073 |  31.3 |      43 |      38 |  46.9
       D:11 |    3108 |   13575 |  81.4 |      32 |      33 |  50.8
       D:12 |    2855 |       0 |   0.0 |      12 |       0 |   0.0
     Lair:1 |    3424 |       0 |   0.0 |      15 |       0 |   0.0
     Lair:2 |    2385 |       0 |   0.0 |       9 |       0 |   0.0
    Ossuary |       0 |     823 | 100.0 |       0 |      29 | 100.0
            +---------+---------+-------+---------+---------+-------
